 Dungeon Crawl Stone Soup version 0.29-a0-359-g541a27f54d (webtiles) character file.

Game seed: 14232092233232653110

119 Gaball the Chiller (level 5, -2/37 HPs)
             Began as a Merfolk Ice Elementalist on Apr 27, 2022.
             Slain by an ice beast (10 damage)
             ... on level 3 of the Dungeon.
             The game lasted 00:07:17 (2951 turns).

Gaball the Chiller (Merfolk Ice Elementalist)       Turns: 2951, Time: 00:07:18

Health: -2/37      AC:  2    Str:  8    XL:     5   Next: 3%
Magic:  8/9        EV: 13    Int: 13    God:
Gold:   59         SH:  0    Dex: 15    Spells: 3/10 levels left

rFire   + + +      SeeInvis .   n - +9 mace of Fudokk {elec, Fragile rElec rF+++ Int-3}
rCold   . . .      Faith    .   (no shield)
rNeg    . . .      Spirit   .   a - +0 robe
rPois   .          Reflect  .   (no helmet)
rElec   +          Harm     .   (no cloak)
rCorr   .          Rampage  .   (no gloves)
Will    .....                   (no boots)
Stlth   ++........              (no amulet)
HPRegen 0.12/turn               (no ring)
MPRegen 0.11/turn               (no ring)

@: no status effects
A: (nimble swimmer 2), mertail
a: no special abilities


You were on level 3 of the Dungeon.
You visited 1 branch of the dungeon, and saw 3 of its levels.

You collected 59 gold pieces.

Inventory:

Hand Weapons
 f - a +1 short sword of electrocution
 n - the +9 mace of Fudokk (weapon) {elec, Fragile rElec rF+++ Int-3}
   (You found it on level 2 of the Dungeon)

   It occasionally discharges a powerful burst of electricity upon striking a
   foe.
   Int:       It affects your intelligence (-3).
   rF:        It renders you almost immune to fire.
   rElec:     It insulates you from electricity.
   Fragile:   It will be destroyed if unequipped.
Armour
 a - a +0 robe (worn)
Scrolls
 c - 2 scrolls of enchant armour {unknown}
 e - a scroll of enchant weapon {unknown}
 h - 3 scrolls of identify {unknown}
 j - a scroll of fog {unknown}
 l - a scroll of magic mapping {unknown}
 m - a scroll of amnesia {unknown}
 p - 2 scrolls of immolation {unknown}
 r - a scroll of fear {unknown}
Potions
 b - a potion of magic
 d - a potion of cancellation {unknown}
 g - a potion of mutation {unknown}
 i - 2 potions of curing
 k - a potion of haste {unknown}
 o - a potion of ambrosia {unknown}
 q - a potion of resistance {unknown}


   Skills:
 + Level 1.1 Fighting
 + Level 3.7 Dodging
 - Level 2.1 Stealth
 + Level 3.1 Spellcasting
 * Level 5.4 Ice Magic


You had 3 spell levels left.
You knew the following spells:

 Your Spells              Type           Power      Damage    Failure   Level
a - Freeze                Ice            64%        1d8       2%          1
b - Frozen Ramparts       Ice            32%        1d5       7%          3
c - Ozocubu's Armour      Ice            16%        N/A       7%          3

Your spell library contained the following spells:

 Spells                   Type           Power      Damage    Failure   Level
 Hailstorm                Conj/Ice       9%         3d4       58%         4


Dungeon Overview and Level Annotations

Branches:
Dungeon (3/15)

Altars:


Innate Abilities, Weirdness & Mutations

((You are very nimble when in or above water. (Stealth+, EV+, Speed+++)))
Your lower body shifts to a powerful aquatic tail in water.


Message History

The orc wizard casts a spell.
The orc wizard flickers and vanishes!
Deactivating autopickup; reactivate with Ctrl-A.
You hear some strange, mumbled words.
You are confused.
You are too confused!
You are too confused!
You are too confused!
You completely miss something. Something hits you.
You hit something. Lightning courses through something!
Reactivating autopickup.
You feel a bit more experienced.
Your Fighting skill increases to level 1!
You have reached level 5!
You feel agile.
Unknown command.
Items here: )) [ †.
You bump into the rock wall.
An ice beast comes into view.
An orc comes into view. It is wielding a +0 mace.
You feel less confused.
The orc shouts!
You hear a shout!
The bat closely misses you. The bat barely misses you.
The ice beast attacks as you move away! The ice beast hits you.
The ice beast freezes you! The ice beast barely misses you.
Items here: )) [ †.
Things that are here:
a +0 whip; an adder corpse; an orc corpse The ice beast attacks as you move away!
The ice beast hits you. The ice beast freezes you!
* * * LOW HITPOINT WARNING * * *
The ice beast attacks as you move away! The ice beast completely misses you.
The ice beast attacks as you move away! The ice beast closely misses you.
The ice beast attacks as you move away! The ice beast barely misses you.
The ice beast attacks as you move away! The ice beast hits you.
* * * LOW HITPOINT WARNING * * *
The ice beast freezes you!
You die...

.#....)....#
..........b#)#
##########.#.#
#.#)# #####
#.#.# ##...#
..#b# #....#
#.#.#
#..<.#########.#
#.........@Yob.#
####.###########
###


You could see an ice beast, an orc and a bat.

Vanquished Creatures
  An orc wizard (D:3)
  Robin (D:2)
  2 adders
  A worm (D:2)
  3 dart slugs
  2 orcs (D:3)
  A bat (D:1)
  7 endoplasms
  A giant cockroach (D:1)
  8 goblins
  6 hobgoblins
  6 kobolds
  2 quokkas
  2 ball pythons
  4 frilled lizards
  5 rats
52 creatures vanquished.

Notes
Turn   | Place    | Note
-------+----------+-------------------------------------------
     0 | D:1      | Gaball the Merfolk Ice Elementalist began the quest for the
                  | Orb.
     0 | D:1      | Reached XP level 1. HP: 13/13 MP: 3/3
   313 | D:1      | Reached XP level 2. HP: 6/19 MP: 1/5
  1070 | D:1      | Reached XP level 3. HP: 24/24 MP: 6/6
  1117 | D:1      | Learned a level 3 spell: Frozen Ramparts
  1121 | D:1      | Learned a level 3 spell: Ozocubu's Armour
  1136 | D:1      | Found a faded altar of an unknown god.
  1856 | D:2      | Reached skill level 5 in Ice Magic
  1869 | D:2      | Identified the +9 mace of Fudokk {elec, Fragile rElec rF+++
                  | Int-3}
  1944 | D:2      | Noticed Robin
  1953 | D:2      | Reached XP level 4. HP: 20/30 MP: 4/8
  1959 | D:2      | Killed Robin
  2932 | D:3      | Reached skill level 1 in Fighting
  2932 | D:3      | Reached XP level 5. HP: 36/37 MP: 6/9
  2935 | D:3      | Noticed an ice beast
  2951 | D:3      | Slain by an ice beast

Illustrated notes

Levels and vault maps discovered:
D:1:      roderic_octagonal_star, layout_loops_ring,
          shapermc_ecumenical_altar_notcrosses
D:2:      layout_loops_ring, serial_co_window_serial, co_window_paths_a,
          co_window_of_opportunity_a, co_window_cross_1, co_window_paths_a,
          co_window_paths_a, co_window_paths_b, co_window_paths_b,
          co_window_unsneaky_path_c, co_window_corner_b, co_window_2corner,
          glass_columns_b, glass_columns_b, glass_columns_b, uniq_robin
D:3:      layout_basic, serial_shops, shop, uniq_natasha

Skill      XL: |  1  2  3  4 |
---------------+-------------+-----
Dodging        | 3 |  3.7
Ice Magic      | 5 |  5.4
Spellcasting   | 3 |  3.1
Fighting       | 1 |  1.1
Stealth        | |  2.1

Action                   |  1- 3 |  4- 6 || total
-------------------------+-------+-------++-------
Melee: Unarmed           |    35 |       ||    35
       Short sword       |    48 |       ||    48
       Mace              |    14 |    21 ||    35
       Punch             |       |     1 ||     1
 Cast: Freeze            |    11 |       ||    11
       Frozen Ramparts   |     2 |     2 ||     4
  Use: Potion            |     2 |       ||     2
 Stab: Sleeping          |     8 |     2 ||    10
       Invisible         |       |     1 ||     1
Armor: Robe              |    17 |     2 ||    19
Dodge: Dodged            |    65 |    18 ||    83

Table legend: (Time is in decaauts)
 A = Elapsed time spent in this place.
 B = Non-inter-level travel time spent in this place.
 C = Inter-level travel time spent in this place.
 D = Time resting spent in this place.
 E = Time spent auto-exploring this place.
 F = Levels seen in this place.
 G = Mean time per level.
                   A        B        C        D        E       F      G
               +--------+--------+--------+--------+--------+-----+--------+
         Total |   2964 |   2871 |     93 |    630 |   1823 |   3 |  988.0 |
       Dungeon |   2964 |   2871 |     93 |    630 |   1823 |   3 |  988.0 |
               +--------+--------+--------+--------+--------+-----+--------+

Top non-repeatable levels by time:
     D:1: 1467 daAuts
     D:2: 1417 daAuts
     D:3: 78 daAuts
